 Dungeon Crawl Stone Soup version 0.29.1-1-gd02db6906a (webtiles) character file.

Game seed: 3451400034888733517

6874 hawla the Destroyer (level 10, -3/74 HPs)
             Began as a Yellow Draconian Conjurer on Sept 29, 2022.
             Was a Believer of Vehumet.
             Slain by a wolf (6 damage)
             ... on level 1 of the Lair of Beasts.
             The game lasted 00:33:33 (12445 turns).

hawla the Destroyer (Yellow Draconian Conjurer)    Turns: 12445, Time: 00:33:34

Health: -3/74      AC: 12    Str: 10    XL:     10   Next: 78%
Magic:  7/19       EV: 12    Int: 23    God:    Vehumet [**....]
Gold:   493        SH:  5    Dex:  9    Spells: 6/19 levels left

rFire   . . .      SeeInvis .   q - +0 dagger (venom)
rCold   + . .      Faith    .   b - +1 buckler
rNeg    . . .      Spirit   .   (body armour unavailable)
rPois   .          Reflect  .   (helmet restricted)
rElec   .          Harm     .   (no cloak)
rCorr   +          Rampage  .   (no gloves)
Will    .....                   n - +0 pair of boots
Stlth   +++.......              f - amulet of regeneration
HPRegen 1.02/turn               i - ring of protection from cold
MPRegen 0.16/turn               s - +4 ring of protection

@: very slightly contaminated
A: spit acid, AC +7, unfitting armour, cold-blooded, acid resistance, stinger 1,
camouflage 1, high MP 1
a: Breathe Acid, Renounce Religion


You were on level 1 of the Lair of Beasts.
You worshipped Vehumet.
Vehumet was pleased with you.
You visited 3 branches of the dungeon, and saw 11 of its levels.

You collected 493 gold pieces.

Inventory:

Hand Weapons
 q - a +0 dagger of venom (weapon)
Missiles
 h - a curare-tipped dart
 t - 5 poisoned darts (quivered)
Armour
 b - a +1 buckler (worn)
 n - a +0 pair of boots (worn)
Jewellery
 d - a ring of wizardry
 f - an amulet of regeneration (around neck)
 i - a ring of protection from cold (left hand)
 m - an amulet of the acrobat
 s - a +4 ring of protection (right hand)
Wands
 c - a wand of polymorph (3)
 r - a wand of roots (3)
Scrolls
 j - a scroll of amnesia
 k - a scroll of teleportation
 l - a scroll of brand weapon
 x - a scroll of silence {unknown}
Potions
 a - 3 potions of might
 e - a potion of brilliance
 g - a potion of heal wounds
 o - 2 potions of curing
 p - a potion of cancellation
 z - a potion of flight {unknown}
 A - a potion of degeneration {unknown}
 B - a potion of resistance {unknown}


   Skills:
 - Level 2.4 Fighting
 - Level 0.2 Throwing
 - Level 5.4 Dodging
 - Level 1.7 Stealth
 - Level 2.7 Shields
 - Level 5.1 Spellcasting
 - Level 11.0 Conjurations
 * Level 8.4 Necromancy
 - Level 4.7 Translocations


You had 6 spell levels left.
You knew the following spells:

 Your Spells              Type           Power      Damage    Failure   Level
a - Magic Dart            Conj           100%       1d8       1%          1
b - Searing Ray           Conj           100%       2d8       1%          2
c - Iskenderun's Mystic   Conj/Tloc      42%        2d10      4%          4
d - Death Channel         Necr           22%        N/A       50%         6

Your spell library contained the following spells:

 Spells                   Type           Power      Damage    Failure   Level
 Freeze                   Ice            20%        1d4       12%         1
 Necrotise                Necr           100%       1d9       1%          1
 Dazzling Flash           Conj/Hex       62%        N/A       3%          3
 Fulminant Prism          Conj/Hex       15%        3d11      13%         4
 Passage of Golubria      Tloc           27%        N/A       17%         4
 Tukima's Dance           Hex            5%         N/A       36%         3
 Simulacrum               Ice/Necr       12%        N/A       97%         6
 Yara's Violent Unravell  Hex/Tmut       2%         3d3       98%         5
 Storm Form               Tmut/Air       2%         N/A       100%        7


Dungeon Overview and Level Annotations

Branches:
Dungeon (8/15)             Temple (1/1) D:6            Lair (2/5) D:8
  Swamp: Lair:2-3    Shoals: Lair:2-3     Snake: Lair:2-3    Spider: Lair:2-3

Altars:
Ashenzari
Cheibriados
Dithmenos
Elyvilon
Gozag
Kikubaaqudgha
Makhleb
Nemelex Xobeh
Okawaru
Ru
Sif Muna
Trog
Uskayaw
Vehumet
Wu Jian
Xom
Yredelemnul
Zin
The Shining One

Annotations:
D:4 3 runed translucent doors, mkat's ghost, amateur DrAM
D:5 2 runed translucent doors


Innate Abilities, Weirdness & Mutations

You can spit globs of acid.
Your golden yellow scales are hard. (AC +7)
You cannot fit into any form of body armour.
You are cold-blooded and may be slowed by cold attacks.
You are resistant to acid. (rCorr)
Your tail ends in a venomous barb.
Your skin changes colour to match your surroundings (Stealth+).
You have an increased reservoir of magic. (+10% MP)


Message History

The wolf bites you but does no damage.
You closely miss the wolf.
The wolf is heavily wounded.
You block the wolf's attack. The wolf bites you. The komodo dragon bites you!
The wolf bites you!
* * * LOW HITPOINT WARNING * * *
The wolf bites you but does no damage.
You feel better. You block the wolf's attack. The wolf bites you!
The komodo dragon bites you but does no damage.
You block the wolf's attack.
Casting: Iskenderun's Mystic Blast (dangerous; 4% risk of failure)
Confirm with . or Enter, or press ? or * to list all spells.
You erupt in a blast of force!
The mystic blast hits the komodo dragon!
The komodo dragon is heavily wounded.
The komodo dragon is knocked back by the mystic blast.
The mystic blast hits the wolf but does no damage.
The mystic blast hits the wolf!
The wolf is almost dead.
The wolf is knocked back by the mystic blast.
The wolf bites you. x2
* * * LOW HITPOINT WARNING * * *
Casting: Iskenderun's Mystic Blast (dangerous; 4% risk of failure)
Confirm with . or Enter, or press ? or * to list all spells.
You erupt in a blast of force!
The mystic blast hits the komodo dragon!
The komodo dragon is severely wounded.
The mystic blast hits the wolf!
The wolf is severely wounded.
The wolf is knocked back by the mystic blast.
The wolf slams into the rock wall!
The wolf is almost dead.
The komodo dragon bites you!
* * * LOW HITPOINT WARNING * * *
Casting: Iskenderun's Mystic Blast (dangerous; 4% risk of failure)
Confirm with . or Enter, or press ? or * to list all spells.
You miscast Iskenderun's Mystic Blast.
You are very lightly contaminated with residual magic.
Nothing appears to happen.
The wolf closely misses you. The wolf bites you.
You die...

#### ### ##..###[# #.......#
##.......# ##. #......#.###
... #..hh....#.# ... ####
##..l@..#..#### ...
##..###......##.....# ###...
#....##......##.....###.)...
#....##.........##....##....
##.....#......#..####...#...$
#..h.........#..## ##......#
##.....^.......## ###....#
#....<.........# ###..#
##...............) ...


You could see a komodo dragon (poisoned) and 2 wolves.

Vanquished Creatures
  Pikel (D:7)
  Maggie (Lair:1)
  2 komodo dragons
  8 yaks
  A steam dragon (D:8)
  Menkaure (D:7)
  5 water moccasins
  An orc warrior (D:7)
  2 ice beasts
  8 black bears
  5 wolves (Lair:1)
  4 ogres
  A centaur (D:4)
  A lemure (D:7)
  2 phantoms
  A kobold brigand (D:6)
  4 bullfrogs
  2 gnoll sergeants (D:6)
  4 necrophages
  2 scorpions
  A wight (Lair:1)
  An orc priest (D:8)
  4 hounds
  2 jellies
  2 gnoll boudas
  2 iguanas
  3 orc wizards
  22 gnolls
  5 adders
  2 shadow imps
  3 white imps
  2 ufetubi
  3 worms (D:3)
  3 dart slugs
  14 orcs
  5 bats
  A bat zombie (D:7)
  6 endoplasms
  6 giant cockroaches
  5 goblins
  5 hobgoblins
  9 jackals
  11 kobolds
  6 quokkas
  11 ball pythons
  3 frilled lizards
  8 rats
  5 rat zombies (D:7)
206 creatures vanquished.

Vanquished Creatures (others)
  16 fungi
  19 plants
35 creatures vanquished.

Grand Total: 241 creatures vanquished

Notes
Turn   | Place    | Note
-------+----------+-------------------------------------------
     0 | D:1      | hawla the Draconian Conjurer began the quest for the Orb.
     0 | D:1      | Reached XP level 1. HP: 14/14 MP: 3/3
   304 | D:1      | Reached XP level 2. HP: 10/20 MP: 0/5
   307 | D:1      | Learned a level 2 spell: Searing Ray
  1368 | D:1      | Reached XP level 3. HP: 14/27 MP: 3/6
  1748 | D:2      | Reached skill level 5 in Conjurations
  2288 | D:2      | Reached XP level 4. HP: 34/34 MP: 4/7
  2783 | D:3      | Learned a level 4 spell: Iskenderun's Mystic Blast
  2961 | D:3      | Noticed an ice beast
  2966 | D:3      | Killed an ice beast
  2967 | D:3      | Reached skill level 1 in Translocations
  2967 | D:3      | Reached XP level 5. HP: 39/39 MP: 0/8
  3157 | D:3      | Found a faded altar of an unknown god.
  3172 | D:3      | Reached skill level 6 in Conjurations
  3651 | D:3      | Reached XP level 6. HP: 46/46 MP: 5/9
  4297 | D:4      | Found a runed translucent gate.
  4297 | D:4      | Found a runed translucent gate.
  4297 | D:4      | Found a runed translucent gate.
  5154 | D:4      | Reached skill level 7 in Conjurations
  5218 | D:4      | Found a broken altar of Ashenzari.
  5219 | D:4      | Found a white marble altar of Elyvilon.
  5223 | D:4      | Found a burning altar of Makhleb.
  5223 | D:4      | Found an opulent altar of Gozag.
  5224 | D:4      | Found an iron altar of Okawaru.
  5225 | D:4      | Gained mutation: Your skin changes colour to match your
                  | surroundings (Stealth+). [potion of mutation]
  5225 | D:4      | Gained mutation: You have hidden genetic potential. [potion
                  | of mutation]
  5438 | D:4      | Your scales start taking on a golden yellow colour.
  5438 | D:4      | Reached XP level 7. HP: 40/51 MP: 0/10
  5438 | D:4      | Gained mutation: You are resistant to acid. (rCorr) [Yellow
                  | Draconian growth]
  5443 | D:4      | Got the Monograph on the Nimbus and Dark Rituals
  5886 | D:4      | Noticed mkat's ghost (amateur DrAM)
  5934 | D:5      | Entered Level 5 of the Dungeon
  6232 | D:6      | Reached skill level 8 in Conjurations
  6234 | D:6      | Gained mutation: Your tail ends in a venomous barb. [hidden
                  | potential]
  6645 | D:5      | Reached skill level 9 in Conjurations
  6645 | D:5      | Reached XP level 8. HP: 41/58 MP: 0/11
  7069 | D:5      | Reached skill level 1 in Fighting
  7077 | D:5      | Gained mutation: You have an increased reservoir of magic.
                  | (+10% MP) [hidden potential]
  7077 | D:5      | Lost mutation: You have hidden genetic potential. [hidden
                  | potential expressed]
  7496 | D:5      | Found a large runed translucent door.
  7505 | D:5      | Found a large runed translucent door.
  8015 | D:6      | Found a staircase to the Ecumenical Temple.
  8025 | Temple   | Entered the Ecumenical Temple
  8257 | Temple   | Became a worshipper of Vehumet
  8602 | D:6      | Reached skill level 10 in Conjurations
  8609 | D:7      | Noticed Menkaure
  8687 | D:6      | Reached skill level 1 in Shields
  8833 | D:6      | Reached XP level 9. HP: 64/64 MP: 9/15
  9131 | D:6      | Reached * piety under Vehumet
  9131 | D:6      | Offered knowledge of Shock by Vehumet.
  9631 | D:7      | Killed Menkaure
  9635 | D:7      | Noticed Pikel
  9646 | D:7      | Killed Pikel
  9647 | D:7      | Reached skill level 5 in Dodging
 10217 | D:7      | Reached skill level 5 in Spellcasting
 10328 | D:7      | Reached skill level 11 in Conjurations
 10462 | D:7      | Learned a level 6 spell: Death Channel
 10784 | D:7      | Found an ancient bone altar of Kikubaaqudgha.
 10926 | D:8      | Reached skill level 1 in Necromancy
 10979 | D:8      | Reached XP level 10. HP: 53/74 MP: 10/19
 11585 | D:8      | Offered knowledge of Freeze by Vehumet.
 11586 | D:8      | Reached skill level 5 in Necromancy
 11791 | D:8      | Identified the +6 dagger of the Trees {vorpal, *Corrode
                  | rPois rC++ Dex+2}
 11807 | D:8      | Found a staircase to the Lair.
 11859 | Lair:1   | Entered Level 1 of the Lair of Beasts
 11941 | Lair:1   | Reached ** piety under Vehumet
 12140 | Lair:1   | Noticed an eight-headed hydra
 12142 | Lair:1   | Noticed a four-headed hydra
 12395 | Lair:1   | Noticed Maggie
 12406 | Lair:1   | Killed Maggie
 12444 | Lair:1   | HP: 2/74 [komodo dragon (16)]
 12445 | Lair:1   | Slain by a wolf

Illustrated notes

Levels and vault maps discovered:
D:1:      dpeg_arrival_rooms_b, layout_basic, st_stairs_9,
          dreamdust_mushroom_princess, roderic_lattice_a, amethyst_killhole
D:2:      layout_loops_ring
D:3:      layout_basic, basic_ecumenical_altar, minmay_misc_feat_rows
D:4:      layout_cave_pods, grunt_temple_overflow_open,
          gammafunk_ghost_necromancy
D:5:      layout_loops_ring, jmf_multi_god_temple2,
          chequers_serial_rivers_large_b, grunt_decor_cap, dreamdust_gnoll_farm
D:6:      layout_loops_cross, minmay_temple_entry_stoned_glass,
          minmay_strange_pillars
D:7:      layout_loops_ring, lemuel_zombie_altar_kikubaaqudgha,
          small_statue_intersection, uniq_menkaure, uniq_pikel
D:8:      layout_gridville, fedhas_bush_and_centaur_altar,
          due_lair_maze_entry_diamond, uniq_erica
Temple:   nicolae_temple_figure_eight
Lair:1:   layout_cave_pods, lemuel_fruit_tree, uniq_maggie
Lair:2:   layout_small_grid, spider_nest_entry_a, grunt_megastairs_4,
          infiniplex_staircase_pool_2

Skill      XL: |  1  2  3  4  5  6  7  8  9 10 |
---------------+-------------------------------+-----
Dodging        | 2 3 5 |  5.4
Conjurations   | 5 6 7 9 10 11 | 11.0
Translocations | 1 2 3 4 |  4.7
Fighting       | 1 2 |  2.4
Spellcasting   | 3 5 |  5.1
Shields        | 1 2 |  2.7
Necromancy     | 1 8 |  8.4
Throwing       | |  0.2
Stealth        | |  1.7

Action                   |  1- 3 |  4- 6 |  7- 9 | 10-12 || total
-------------------------+-------+-------+-------+-------++-------
Melee: Unarmed           |    30 |    17 |    34 |       ||    81
       Tailslap          |       |     5 |     6 |    15 ||    26
       Dagger            |       |       |    27 |    79 ||   106
Throw: Dart              |       |       |     4 |     8 ||    12
 Cast: Magic Dart        |    41 |    20 |    18 |     7 ||    86
       Searing Ray       |    19 |    43 |    61 |    22 ||   145
       Iskenderun's Myst |       |     2 |    19 |    27 ||    48
 Abil: Breathe Acid      |       |       |     1 |     1 ||     2
  Use: Scroll            |     2 |     9 |    10 |     4 ||    25
       Potion            |       |     1 |     1 |     8 ||    10
 Stab: Sleeping          |       |       |     2 |       ||     2
       Invisible         |       |       |       |     3 ||     3
Armor: Skin              |    30 |    14 |    50 |    67 ||   161
Dodge: Dodged            |    59 |    20 |   211 |   124 ||   414
Block: Buckler           |    12 |     2 |    44 |    56 ||   114
